 Dungeon Crawl Stone Soup version 0.20.0-7-g3b7b877 (webtiles) character file.

159 Ijustatesigmund the Conjurer (level 5, 0/34 HPs)
             Began as an Octopode Conjurer on May 29, 2017.
             Slain by a phantom (10 damage)
             ... on level 4 of the Dungeon.
             The game lasted 00:08:52 (2946 turns).

Ijustatesigmund the Conjurer (Octopode Conjurer)    Turns: 2946, Time: 00:08:52

Health: 0/34       AC:  1    Str:  7    XL:     5   Next: 40%
Magic:  3/10       EV: 13    Int: 17    God:
Gold:   161        SH:  0    Dex: 12    Spells: 5/11 levels left

rFire    . . .     SeeInvis +   d - +5 spear
rCold    . . .     Gourm    .   (no shield)
rNeg     . . .     Faith    .   (helmet restricted)
rPois    .         Spirit   .   (no amulet)
rElec    .         Reflect  .   h - ring of see invisible
rCorr    .         Harm     .   g - -2 ring of intelligence (curse)
MR       .....                  r - ring of wizardry
Stlth    +++.......             (no ring)
Regen    0.2/turn               (no ring)
MPRegen  0.2/turn               (no ring)
                                (no ring)
                                (no ring)

@: very slightly contaminated
A: almost no armour, stealthy swim, amphibious, 8 rings, constrict 8, camouflage
1, gelatinous body 1
a: no special abilities


You were on level 4 of the Dungeon.
You were very hungry.

You visited 1 branch of the dungeon, and saw 4 of its levels.

You collected 161 gold pieces.

Inventory:

Hand Weapons
 d - a +5 spear (weapon)
 q - a +0 mace of crushing
Missiles
 t - 4 tomahawks (quivered)
Jewellery
 g - a cursed -2 ring of intelligence (right tentacle)
 h - a ring of see invisible (left tentacle)
 r - a ring of wizardry (on tentacle)
Wands
 v - a wand of acid (5/15)
Scrolls
 k - a scroll of fog
 m - a scroll of magic mapping
Potions
 c - 2 potions of invisibility
 e - a potion of agility
 j - 2 potions of heal wounds
 l - a potion of flight {unknown}
 o - 2 potions of cancellation {unknown}
 p - a potion of might {unknown}
 s - a potion of curing {unknown}
 u - a potion of mutation {unknown}
 w - 2 potions of degeneration {unknown}
Books
 a - a book of Conjurations

   Spells                             Type                      Level
   a - Magic Dart                     Conjuration                  1
   b - Searing Ray                    Conjuration                  2
   c - Dazzling Spray                 Conjuration/Hexes            3
   d - Fulminant Prism                Conjuration/Hexes            4
   e - Force Lance                    Conjuration/Translocation    4
   f - Iskenderun's Mystic Blast      Conjuration                  4
Comestibles
 b - 2 bread rations
 f - 2 fruits
 i - 3 royal jellies
 n - a meat ration


   Skills:
 - Level 2.1 Fighting
 + Level 1.0 Polearms
 - Level 2.0 Dodging
 - Level 2.6 Stealth
 + Level 3.6 Spellcasting
 + Level 4.2 Conjurations
 + Level 1.7 Hexes


You had 5 spell levels left.
You knew the following spells:

 Your Spells              Type           Power        Failure   Level  Hunger
a - Magic Dart            Conj           ###.         1%          1    None
b - Searing Ray           Conj           ###...       1%          2    ##.....
c - Dazzling Spray        Conj/Hex       ##....       6%          3    ###....


Dungeon Overview and Level Annotations

Branches:
Dungeon (4/15)
 Temple: D:4-7

Altars:
The Shining One


Innate Abilities, Weirdness & Mutations

You cannot wear most types of armour.
You are very stealthy in the water. (Stealth+)
You are amphibious.
You can wear up to eight rings at the same time.
You can use your tentacles to constrict eight enemies at once.
Your skin changes colour to match your surroundings (Stealth+).
Your rubbery body absorbs attacks. (AC +1, EV +1)


Message History

Confirm with . or Enter, or press ? or * to list all spells.
Aiming: Magic Dart
Press: ? - help, Shift-Dir - straight line, f/p - phantom
Aim: a phantom (heavily damaged)
You miscast Magic Dart.
The air around you crackles with energy!
You hit the phantom.
The phantom is heavily damaged.
The phantom barely misses you.
You hit the phantom.
The phantom is severely damaged.
The phantom closely misses you.
You closely miss the phantom. You squeeze the phantom!
The phantom is almost destroyed.
The phantom hits you! x2
* * * LOW HITPOINT WARNING * * *
You barely miss the phantom.
The phantom is almost destroyed.
The phantom hits you!
You die...

...........#.......
...#.......#.......
..........#........
......####.........
......####.........
.....#.............
....#........#....
..........#....
......W@..# ...
..........# ..
..........#
.......(.[#
.........##
.........#
.........#
........##


You could see a phantom.

Vanquished Creatures
  A hound (D:4)
  A centaur skeleton (D:4)
  2 adders
  3 worms (D:2)
  2 dart slugs
  4 leopard geckos
  An orc (D:3)
  4 giant cockroaches
  7 goblins
  10 hobgoblins
  4 jackals (D:3)
  2 ball pythons (D:2)
  8 bats
  5 frilled lizards
  2 kobolds
  8 rats
64 creatures vanquished.

Notes
Turn   | Place    | Note
-------+----------+-------------------------------------------
     0 | D:1      | Ijustatesigmund the Octopode Conjurer began the quest for the Orb.
     0 | D:1      | Reached XP level 1. HP: 11/11 MP: 3/3
   204 | D:1      | Reached XP level 2. HP: 12/18 MP: 1/5
   209 | D:1      | Reached skill level 1 in Fighting
   213 | D:1      | Learned a level 2 spell: Searing Ray
   738 | D:2      | Reached XP level 3. HP: 23/23 MP: 1/7
   800 | D:2      | Learned a level 3 spell: Dazzling Spray
  1581 | D:2      | Reached XP level 4. HP: 29/29 MP: 0/8
  1794 | D:2      | Found a glowing golden altar of the Shining One.
  2235 | D:3      | Reached skill level 1 in Hexes
  2663 | D:4      | Reached XP level 5. HP: 15/34 MP: 1/10
  2841 | D:4      | Reached skill level 1 in Polearms
  2932 | D:4      | Noticed a phantom
  2946 | D:4      | Slain by a phantom

Skill      XL: |  1  2  3  4  5 |
---------------+----------------+-----
Fighting       | 1 2 |  2.1
Spellcasting   | 3 |  3.6
Hexes          | 1 |  1.7
Polearms       | 1 |  1.0
Dodging        | |  2.0
Stealth        | |  2.6
Conjurations   | |  4.2

Action                   |  1- 3 |  4- 6 || total
-------------------------+-------+-------++-------
Melee: Dagger            |    33 |     3 ||    36
       Tentacles         |     5 |     4 ||     9
       Constrict         |     7 |     5 ||    12
       Spear             |       |    27 ||    27
 Cast: Magic Dart        |    84 |    49 ||   133
  Use: Scroll            |     4 |     3 ||     7
       Potion            |       |     3 ||     3
 Stab: Sleeping          |     2 |     1 ||     3
       Invisible         |       |     1 ||     1
  Eat: Chunk             |     2 |     3 ||     5
Armor: Skin              |     6 |     1 ||     7
Dodge: Dodged            |    45 |    51 ||    96
